 Dungeon Crawl Stone Soup version 0.31.0-32-g396128a36d (console) character file.

Game seed: 5851714500054483845

370 Tiagovsky the Cudgeller (level 6, -1/56 HPs)
             Began as a Minotaur Fighter on Mar 21, 2024.
             Slain by an iguana (9 damage)
             ... on level 4 of the Dungeon.
             The game lasted 00:08:23 (2435 turns).

Tiagovsky the Cudgeller (Minotaur Fighter)          Turns: 2435, Time: 00:08:24

Health: -1/56      AC:  6    Str: 29    XL:     6   Next: 42%
Magic:  5/5        EV:  9    Int:  5    God:
Gold:   259        SH:  4    Dex:  9    Spells: 5/5 levels left

rFire   . . .        a - +1 flail
rCold   . . .        c - +0 buckler
rNeg    . . .        b - +0 scale mail
rPois   .            (helmet restricted)
rElec   .            (no cloak)
rCorr   .            (no gloves)
SInv    .            (no boots)
Will    .....        (no amulet) Stlth
                     l - +6 ring of strength
HPRegen 0.29/turn    (no ring)
MPRegen 0.09/turn

%: no passive effects
@: no status effects
A: horns 2, retaliatory headbutt
a: no special abilities


You were on level 4 of the Dungeon.
You visited 1 branch of the dungeon, and saw 4 of its levels.

You collected 259 gold pieces.

Inventory:

Hand Weapons
 a - a +1 flail (weapon)
Missiles
 g - 20 stones
 k - 3 throwing nets {!f}
 s - 7 poisoned darts (quivered)
Armour
 b - a +0 scale mail (worn)
 c - a +0 buckler (worn)
Jewellery
 l - a +6 ring of strength (left hand)
   (You took it off an orc on level 2 of the Dungeon)
 q - an amulet of magic regeneration
   (You found it on level 3 of the Dungeon)
Wands
 F - a wand of flame (16)
   (You found it on level 2 of the Dungeon)
Scrolls
 e - a scroll of identify {unknown}
 f - a scroll of enchant weapon
 i - a scroll of fear {@r3}
 j - a scroll of teleportation {@r5!d}
 m - a scroll of acquirement {unknown}
 o - a scroll of immolation {unknown}
Potions
 d - a potion of might
 h - 3 potions of lignification {unknown}
 n - 2 potions of enlightenment {unknown}
 p - a potion of curing {unknown}
 r - a potion of brilliance {unknown}


   Skills:
 + Level 5.3 Fighting
 * Level 6.1 Maces & Flails
 - Level 3.6 Armour
 + Level 5.3 Shields


You had 5 spell levels left.
You didn't know any spells.
Your spell library contained the following spells:

 Spells                   Type           Power      Damage    Failure   Level
 Magic Dart               Conj           0%         1d3       78%         1
 Searing Ray              Conj           0%         2d4       89%         2
 Ozocubu's Armour         Ice            0%         N/A       98%         3
 Volatile Blastmotes      Fire/Tloc      0%         2d10      98%         3
 Fulminant Prism          Conj/Alch      0%         3d5       100%        4
 Iskenderun's Mystic Bla  Conj/Tloc      0%         2d3       100%        4
 Metabolic Englaciation   Hex/Ice        0%         N/A       100%        5
 Sculpt Simulacrum        Ice/Alch       0%         N/A       100%        6


Dungeon Overview and Level Annotations

Branches:
Dungeon (4/15)
 Temple: D:4-7

Altars:
Dithmenos


Innate Abilities, Weirdness & Mutations

You have a pair of horns on your head.
You reflexively headbutt those who attack you in melee.


Message History

You hit the kobold.
You kill the kobold!
You feel sick.
Found a stone staircase leading down.
You feel sick.
Things that are here:
a +0 club; 8 poisoned darts; a kobold corpse Damage: -2%(-1hp) hp: 92%(43hp)
You feel sick.
Damage: -2%(-1hp) hp: 90%(42hp)
You sock the black bear!
The black bear is heavily wounded.
You feel sick.
You are no longer poisoned.
You block the black bear's attack.
The black bear claws you but does no damage.
The black bear claws you.
Damage: -4%(-2hp) hp: 86%(40hp)
You hit the black bear but do no damage.
You headbutt the black bear!
You kill the black bear!
Your Fighting skill increases to level 5!
Your Shields skill increases to level 5!
You pick up a book of Winter and begin reading...
You add the spells Ozocubu's Armour, Metabolic Englaciation and Sculpt Simulacrum to your library.
Found a stone staircase leading up.
Search for what [Enter for "."]? .
s - 11 poisoned darts (gained 8)
Things that are here:
a +0 club; a kobold corpse
t - a +0 club You drop a +0 club.
Search for what [Enter for "."]? .
Unknown command.
HP restored.
There is a stone staircase leading up here.
g - 14 stones (gained 5)
g - 20 stones (gained 6) Edmund and an iguana come into view.
Edmund is wielding a +0 heavy flail.
The iguana hisses angrily.
Edmund moves out of view.
Throw: 11 darts (poison)
Press: ? - help, Q - select action, (/) - cycle Shift-Dir - straight line, f - iguana
Aim: an iguana (56% to hit)
You throw a poisoned dart. The poisoned dart hits the iguana.
The iguana is poisoned.
Throw: 10 darts (poison)
Press: ? - help, Q - select action, (/) - cycle Shift-Dir - straight line, f/p - iguana
Aim: an iguana (poisoned, 56% to hit)
You throw a poisoned dart. The poisoned dart hits the iguana.
The iguana looks even sicker.
Throw: 9 darts (poison)
Press: ? - help, Q - select action, (/) - cycle Shift-Dir - straight line, f - Edmund, p - iguana
Aim: Edmund, wielding a +0 heavy flail and wearing a +0 chain mail (61% to hit)
You throw a poisoned dart. The poisoned dart hits Edmund.
Edmund is poisoned.
Throw: 8 darts (poison)
Press: ? - help, Q - select action, (/) - cycle Shift-Dir - straight line, f/p - Edmund
Aim: Edmund, wielding a +0 heavy flail and wearing a +0 chain mail (poisoned, 61% to hit)
You throw a poisoned dart. The poisoned dart hits Edmund.
Edmund looks even sicker.
You hit Edmund.
Edmund is lightly wounded.
The iguana completely misses you.
Edmund says, "Maybe I'll buy a title.
How does Count Edmund sound?"
Edmund hits you with a +0 heavy flail! The iguana closely misses you.
Huge Dmg: -35%(-17hp) hp: 65%(31hp) Unknown command.
Unknown command.
You sock Edmund!
Edmund is moderately wounded.
You block Edmund's attack. You block the iguana's attack.
Unknown command.
You hit Edmund but do no damage. You headbutt Edmund!
Edmund is severely wounded.
The iguana bites you. Edmund barely misses you.
Damage: -12%(-6hp) hp: 55%(26hp) Unknown command.
You hit Edmund.
Edmund is severely wounded.
The iguana bites you!
* * * LOW HITPOINT WARNING * * *
Edmund closely misses you. You furiously retaliate!
You headbutt Edmund.
Huge Dmg: -15%(-7hp) hp: 40%(19hp)
You hit Edmund.
Edmund is almost dead.
You block the iguana's attack.
Unknown command.
Unknown command.
You sock Edmund!
You kill Edmund!
The iguana bites you!
* * * LOW HITPOINT WARNING * * *
Your Maces & Flails skill increases to level 6!
You have reached level 6!
Huge Dmg: -12%(-7hp) hp: 24%(13hp)
The iguana bites you.
* * * LOW HITPOINT WARNING * * *
Things that are here:
a +0 heavy flail; a +0 chain mail; Huge Dmg: -9%(-5hp) hp: 15%(8hp)
You hit the iguana.
The iguana is almost dead.
The iguana bites you!
You die...

## .....
##########.............#
.>...............(.....#
.<...............(....#
.......................
####.................
.###..........#..#(# ..
.#...#......###l.(.#....
.....##......##.@......#
....##...........#.###..
....##..#.......##.#
....#####...##.##..#
....# ##...#.....##?
....# #.............
....# ##............
##.## ###......#### ####
#........# # ###......#
#.....##


You could see an iguana (poisoned).

Vanquished Creatures
  Edmund (D:4)
  A black bear (D:4)
  An orc priest (D:2)
  3 gnolls (D:2)
  3 adders
  A ribbon worm (D:2)
  A dart slug (D:1)
  8 orcs
  12 endoplasms
  5 giant cockroaches
  2 goblins (D:1)
  6 hobgoblins
  4 jackals
  3 quokkas
  5 ball pythons
  4 bats
  2 frilled lizards
  7 kobolds
  5 rats
74 creatures vanquished.

Notes
Turn   | Place    | Note
-------+----------+-------------------------------------------
     0 | D:1      | Tiagovsky the Minotaur Fighter began the quest for the Orb.
     0 | D:1      | Reached XP level 1. HP: 19/19 MP: 0/0
   227 | D:1      | Reached skill level 3 in Maces & Flails
   227 | D:1      | Reached XP level 2. HP: 27/27 MP: 1/1
   551 | D:1      | Reached XP level 3. HP: 20/33 MP: 2/2
  1048 | D:2      | Reached skill level 4 in Maces & Flails
  1048 | D:2      | Reached XP level 4. HP: 40/40 MP: 3/3
  1399 | D:2      | Reached XP level 5. HP: 34/47 MP: 4/4
  1876 | D:3      | Found a shadowy altar of Dithmenos.
  2141 | D:3      | Reached skill level 5 in Maces & Flails
  2337 | D:4      | Noticed a black bear
  2344 | D:4      | Killed a black bear
  2345 | D:4      | Reached skill level 5 in Fighting
  2345 | D:4      | Reached skill level 5 in Shields
  2422 | D:4      | Noticed Edmund
  2431 | D:4      | HP: 19/48 [iguana (7)]
  2433 | D:4      | Killed Edmund
  2434 | D:4      | Reached skill level 6 in Maces & Flails
  2434 | D:4      | Reached XP level 6. HP: 13/56 MP: 5/5
  2434 | D:4      | HP: 8/56 [iguana (5)]
  2435 | D:4      | Slain by an iguana

Illustrated notes

Levels and vault maps discovered:
D:1:      co_arrival_random_square_maze, layout_loops_ring
D:2:      layout_rooms, chequers_hall_statues_y
D:3:      layout_loops_cross, grunt_dithmenos_smoke
D:4:      layout_cave_pools, lemuel_temple_firewalk_b, grunt_decor_arrowhead,
          hangedman_abyss_or_decor_lesser_grid, uniq_edmund, uniq_natasha

Skill      XL: |  1  2  3  4  5 |
---------------+----------------+-----
Maces & Flails | 3 4 6 |  6.1
Fighting       | 4 5 |  5.3
Shields        | 4 5 |  5.3
Armour         | |  3.6

Action                     |  1- 3 |  4- 6 || total
---------------------------+-------+-------++-------
  Melee: Flail             |    81 |    97 ||   178
         Headbutt          |    10 |    14 ||    24
  Throw: Stone             |       |     5 ||     5
         Dart              |       |     4 ||     4
    Use: Scroll            |       |     3 ||     3
 Armour: Scale mail        |    52 |    59 ||   111
  Dodge: Dodged            |    39 |    33 ||    72
  Block: Buckler           |    12 |    22 ||    34
